 Dungeon Crawl Stone Soup version 0.30-a0-782-ge64f9170bb (webtiles) character file.

Game seed: 7127704375111503447

190 shadizar the Digger (level 5, -4/31 HPs)
             Began as a Gargoyle Earth Elementalist on Mar 18, 2023.
             Slain by a gnoll sergeant
             ... wielding a +1 trident of protection
              (8 damage)
             ... on level 3 of the Dungeon.
             The game lasted 00:08:51 (2431 turns).

shadizar the Digger (Gargoyle Earth Elementalist)   Turns: 2431, Time: 00:08:52

Health: -4/31      AC:  6    Str: 11    XL:     5   Next: 69%
Magic:  5/8        EV: 12    Int: 18    God:
Gold:   96         SH:  0    Dex: 10    Spells: 4/8 levels left

rFire   . . .      SeeInvis .    c - +0 whip
rCold   . . .      Faith    .    (no shield)
rNeg    + . .      Spirit   .    r - +0 robe
rPois   ∞          Reflect  .    (no helmet)
rElec   +          Harm     .    (no cloak)
rCorr   .          Rampage  .    (no gloves)
Will    .....                    (no boots)
Stlth   ++                       (no amulet)
HPRegen 0.25/turn                (no ring)
MPRegen 0.11/turn                (no ring)

@: no status effects
A: sickness immunity, AC +4, negative energy resistance 1, electricity
resistance, torment resistance 1, petrification resistance
a: no special abilities


You were on level 3 of the Dungeon.
You visited 1 branch of the dungeon, and saw 3 of its levels.

You collected 96 gold pieces.

Inventory:

Hand Weapons
 a - a +0 sling
 c - a +0 whip (weapon)
Missiles
 t - a throwing net
 u - 4 stones
Armour
 q - a +0 leather armour
 r - a +0 robe (worn)
Wands
 s - a wand of flame (27)
Scrolls
 e - a scroll of vulnerability {unknown}
 f - a scroll of poison {unknown}
 h - a scroll of blinking {unknown}
 j - a scroll of teleportation {unknown}
 l - a scroll of fog {unknown}
 o - a scroll of immolation {unknown}
Potions
 b - a potion of magic
 d - a potion of cancellation {unknown}
 g - a potion of ambrosia {unknown}
 i - 2 potions of heal wounds {unknown}
 k - 2 potions of brilliance {unknown}
 m - a potion of invisibility {unknown}
 n - 3 potions of curing {unknown}
 p - a potion of might {unknown}


   Skills:
 + Level 2.3 Fighting
 - Level 1.2 Maces & Flails
 - Level 2.1 Dodging
 - Level 3.0 Stealth
 - Level 2.4 Spellcasting
 * Level 2.1 Conjurations
 - Level 0.8 Transmutations
 + Level 4.6 Earth Magic


You had 4 spell levels left.
You knew the following spells:

 Your Spells              Type           Power      Damage    Failure   Level
a - Sandblast             Erth           36%        2d10      2%          1
b - Stone Arrow           Conj/Erth      28%        3d8       13%         3

Your spell library contained the following spells:

 Spells                   Type           Power      Damage    Failure   Level
 Passwall                 Tmut/Erth      10%        N/A       9%          2
 Apportation              Tloc           4%         N/A       17%         1
 Necrotise                Necr           8%         1d4       17%         1
 Summon Small Mammal      Summ           8%         N/A       17%         1
 Petrify                  Tmut/Erth      12%        N/A       50%         4


Dungeon Overview and Level Annotations

Branches:
Dungeon (3/15)

Altars:
Qazlal


Innate Abilities, Weirdness & Mutations

You are immune to sickness and miasma.
Your stone body is resilient. (AC +4)
You are immune to poison.
You resist negative energy. (rN+)
You are resistant to electric shocks. (rElec)
You are resistant to unholy torment.
You are immune to petrification.


Message History

No target in view!
No target in view!
Things that are here:
a +0 short sword; a +0 ring mail A gnoll sergeant comes into view.
It is wielding a +1 trident of protection.
Casting: Sandblast (safe; 2% risk of failure)
Confirm with . or Enter, or press ? or * to list all spells.
You don't know that spell.
Casting: Sandblast (safe; 2% risk of failure)
Confirm with . or Enter, or press ? or * to list all spells.
You can't see any susceptible monsters within range! (Use Z to cast anyway.) Unknown command.
A gnoll comes into view. It is wielding a +0 flail.
The gnoll sergeant shouts!
Casting: Sandblast (safe; 2% risk of failure)
Confirm with . or Enter, or press ? or * to list all spells.
Aiming: Sandblast (safe; 2% risk of failure)
Press: ? - help, Shift-Dir - straight line, f - gnoll sergeant
Aim: a gnoll sergeant, wielding a +1 trident of protection and wearing a +0 scale mail (87% to hit)
The blast of sand hits the gnoll sergeant but does no damage.
The gnoll sergeant hits you from afar with a +1 trident of protection!
Casting: Sandblast (safe; 2% risk of failure)
Confirm with . or Enter, or press ? or * to list all spells.
Aiming: Sandblast (safe; 2% risk of failure)
Press: ? - help, Shift-Dir - straight line, f/p - gnoll sergeant
Aim: a gnoll sergeant, wielding a +1 trident of protection and wearing a +0 scale mail (87% to hit)
The blast of sand hits the gnoll sergeant but does no damage.
The gnoll shouts!
The gnoll sergeant hits you from afar with a +1 trident of protection.
The gnoll sergeant hits you from afar with a +1 trident of protection!
Casting: Sandblast (safe; 2% risk of failure)
Confirm with . or Enter, or press ? or * to list all spells.
Aiming: Sandblast (safe; 2% risk of failure)
Press: ? - help, Shift-Dir - straight line, f/p - gnoll sergeant
Aim: a gnoll sergeant, wielding a +1 trident of protection and wearing a +0 scale mail (87% to hit)
The blast of sand hits the gnoll sergeant but does no damage.
The gnoll sergeant hits you from afar with a +1 trident of protection!
* * * LOW HITPOINT WARNING * * *
The gnoll sergeant hits you from afar with a +1 trident of protection!
You die...

#.##....# # #..#....#
# # #..#....## # ##.
#..#.....## #
#..##..#......# #
#.....g.).....######.
####..#..........##..
#..g..............
###@#.##.###...##...
#..)........>.......
###)#.......)....###
####.####.).......###
#......##............
#....................
#......##......###...
#......##.....†####..
#......#######...####


You could see a gnoll sergeant and a gnoll.

Vanquished Creatures
  An iguana (D:2)
  3 gnolls (D:3)
  6 adders
  2 dart slugs
  9 orcs
  10 endoplasms
  3 giant cockroaches
  5 goblins
  6 hobgoblins
  4 kobolds
  A quokka (D:1)
  8 ball pythons
  7 bats
  2 frilled lizards
  6 rats
73 creatures vanquished.

Vanquished Creatures (others)
  4 plants
4 creatures vanquished.

Grand Total: 77 creatures vanquished

Notes
Turn   | Place    | Note
-------+----------+-------------------------------------------
     0 | D:1      | shadizar the Gargoyle Earth Elementalist began the quest
                  | for the Orb.
     0 | D:1      | Reached XP level 1. HP: 10/10 MP: 3/3
   136 | D:1      | Reached XP level 2. HP: 10/15 MP: 0/5
   631 | D:1      | Reached skill level 1 in Fighting
   753 | D:1      | Reached XP level 3. HP: 20/20 MP: 6/6
   834 | D:1      | Found a faded altar of an unknown god.
   906 | D:2      | Reached skill level 4 in Earth Magic
  1196 | D:2      | Reached skill level 1 in Maces & Flails
  1196 | D:2      | Reached XP level 4. HP: 21/25 MP: 3/7
  1709 | D:2      | Learned a level 3 spell: Stone Arrow
  1860 | D:2      | HP: 1/26 [hobgoblin (2)]
  1861 | D:2      | Reached skill level 1 in Conjurations
  1861 | D:2      | Reached XP level 5. HP: 1/30 MP: 1/8
  2232 | D:3      | Found a stormy altar of Qazlal.
  2431 | D:3      | Slain by a gnoll sergeant

Illustrated notes

Levels and vault maps discovered:
D:1:      beargit_arrival_diablo_church, layout_loops_ring,
          shapermc_ecumenical_altar_mp_urbaneastern
D:2:      layout_basic, minmay_misc_feat_ornament, minmay_shallow_snake_nest
D:3:      layout_rooms, mainiacjoe_overflow_tiny_flanked

Skill      XL: |  1  2  3  4  5 |
---------------+----------------+-----
Fighting       | 1 2 |  2.3
Earth Magic    | 4 |  4.6
Maces & Flails | 1 |  1.2
Dodging        | 2 |  2.1
Stealth        | 3 |  3.0
Conjurations   | 1 2 |  2.1
Spellcasting   | |  2.4
Transmutations | |  0.8

Action                     |  1- 3 |  4- 6 || total
---------------------------+-------+-------++-------
  Melee: Unarmed           |    26 |       ||    26
         Whip              |   124 |   116 ||   240
         Punch             |     1 |     2 ||     3
   Cast: Sandblast         |     6 |    40 ||    46
   Stab: Sleeping          |     4 |     2 ||     6
 Armour: Robe              |    72 |    41 ||   113
  Dodge: Dodged            |   122 |   120 ||   242

Table legend: (Time is in decaauts)
 A = Elapsed time spent in this place.
 B = Non-inter-level travel time spent in this place.
 C = Inter-level travel time spent in this place.
 D = Time resting spent in this place.
 E = Time spent auto-exploring this place.
 F = Levels seen in this place.
 G = Mean time per level.
                   A        B        C        D        E       F      G
               +--------+--------+--------+--------+--------+-----+--------+
         Total |   2471 |   2441 |     30 |      0 |   1611 |   3 |  823.7 |
       Dungeon |   2471 |   2441 |     30 |      0 |   1611 |   3 |  823.7 |
               +--------+--------+--------+--------+--------+-----+--------+

Top non-repeatable levels by time:
     D:2: 1164 daAuts
     D:1: 868 daAuts
     D:3: 438 daAuts
